[Event "Late-Titled-Tuesday-Blitz-May-14-2024"]
[Site "Chess.com"]
[Date "2024.05.14"]
[Round "1"]
[White "FernandoArauzAlonso"]
[Black "Jospem"]
[Result "0-1"]
[WhiteElo "2533"]
[BlackElo "3018"]
[TimeControl "180+1"]
[EndTime "14:05:57 PDT"]
[Termination "Jospem won on time"]

1. e4 c5 2. a3 e6 3. b4 d5 4.
e5 b6 5. d4 Qc7 6. Nf3 cxd4 7. Bd3 Ba6 8. O-O Bxd3 9. Qxd3 Nc6 10. Re1 Nge7 11. Bf4 Nf5 12. Nbd2 Be7 13. Nb3 Rc8 14.
g4 Nh4 15. Nxh4 Bxh4 16. g5 Qe7 17. Qd2 h6 18. gxh6 gxh6 19. b5 Na5 20. Nxd4 Bg5 21.
Bxg5 Qxg5+ 22. Qxg5 hxg5 23. Re3 Nc4 24. Rg3 Nxe5 25.
Rxg5 Rc4 26. Rxe5 Rxd4 27. a4 Rg4+ 28. Kf1 Rxh2 29. Ke2 Rf4 30. Rf1 Rxa4 31. Rg5 Kf8 32. Rfg1 Ke7 33. Rg8 Ra2 34. Rc1 Rh4 35. Rc8 Kf6 36.
Rc7 Rb4 37. Rh1 Rxb5 38. Rh7 Ke5 39. Rhxf7 Rc5 40. f4+ Ke4 41. Rxc5 bxc5 42. Kd2 d4 43. Re7 Ra6 44. Rc7 Kxf4 45. Rxc5 e5 46. Rc8 Rf6 47. Kd3 Kf5 48. c3 dxc3 49. Kxc3 Rd6 50. Rc7 a6 0-1

[Event "Late-Titled-Tuesday-Blitz-May-14-2024"]
[Site "Chess.com"]
[Date "2024.05.14"]
[Round "1"]
[White "jeetjain"]
[Black "crazycheesecake"]
[Result "1-0"]
[WhiteElo "2579"]
[BlackElo "2173"]
[TimeControl "180+1"]
[EndTime "14:05:59 PDT"]
[Termination "jeetjain won by checkmate"]

1. Nf3 d5 2. b3 Nf6 3. Bb2 e6 4.
e3 Be7 5. c4 O-O 6. Nc3 c6 7. d4 Nbd7 8. Bd3 b6 9. O-O Bb7 10.
Qe2 Rc8 11. Rad1 Qc7 12. Rfe1 Qb8 13. e4 Rfd8 14. e5 Ne8 15. h4 dxc4 16. bxc4 c5 17. d5 exd5 18. cxd5 Nf8 19. d6 Bxf3 20. Qxf3 Bxh4 21.
Nd5 Ng6 22. g3 Bg5 23. Qg4 h6 24. f4 Nxd6 25. exd6 Rxd6 26. fxg5 hxg5 27. Qxg5 Rcd8 28.
Bc4 Qc8 29. Re7 Nxe7 30. Nxe7+ Kf8 31. Rxd6 Rxd6 32. Nxc8 Rd1+ 33. Kf2 Rb1 34. Qd8# 1-0

[Event "Late-Titled-Tuesday-Blitz-May-14-2024"]
[Site "Chess.com"]
[Date "2024.05.14"]
[Round "1"]
[White "Adar_07"]
[Black "Indefatigable11"]
[Result "1-0"]
[WhiteElo "2722"]
[BlackElo "2391"]
[TimeControl "180+1"]
[EndTime "14:06:02 PDT"]
[Termination "Adar_07 won by checkmate"]

1. e4 e5 2. Nf3 Nc6 3. Bb5 Nf6 4. O-O Nxe4 5. Re1 Nd6 6. Nxe5 Be7 7. Bf1 O-O 8. d4 Nf5 9. c3 d5 10. Bd3 Nd6 11. Qf3 Be6 12. Nd2 Qc8 13. Nf1 Bf6 14.
Bf4 Ne7 15. Ng3 c6 16. Nh5 Bxe5 17. Bxe5 Ndf5 18. Nxg7 f6 19. Nxe6 Qxe6 20. Bg3 Qd7 21. Qg4+ Kh8 22. Rxe7 Qxe7 23. Qxf5 Rae8 24. h4 Qg7 25.
Bf4 Rg8 26. g3 Re7 27. Kf1 Rge8 28. h5 Qf7 29. h6 Re6 30. Kg2 Qd7 31. Rh1 R8e7 32.
Rh4 Qe8 33. Rg4 Re1 34. Rg7 Rxg7 35. hxg7+ Kxg7 36. Qxh7+ Kf8 37. Bh6# 1-0

[Event "Late-Titled-Tuesday-Blitz-May-14-2024"]
[Site "Chess.com"]
[Date "2024.05.14"]
[Round "1"]
[White "Felix-Rose"]
[Black "Javadovvv"]
[Result "1-0"]
[WhiteElo "2289"]
[BlackElo "2591"]
[TimeControl "180+1"]
[EndTime "14:06:02 PDT"]
[Termination "Felix-Rose won by resignation"]

1. e4 e6 2. d4 d5 3. Nc3 dxe4 4.
Nxe4 Nd7 5. Nf3 Ngf6 6. Nxf6+ Nxf6 7. g3 b6 8. Bg2 Bb7 9. O-O Be7 10. c4 O-O 11.
Ne5 Bxg2 12. Kxg2 c5 13. Nc6 Qd7 14. Nxe7+ Qxe7 15. dxc5 Qxc5 16. b3 Rfd8 17. Qf3 Rac8 18. Be3 Qe7 19. Rfd1 Rc7 20. Rxd8+ Qxd8 21. Rd1 Rd7 22.
Rxd7 Qxd7 23. Qa8+ Ne8 24. b4 h5 25. c5 bxc5 26.
bxc5 Kh7 27. Qe4+ g6 28. c6 Qc8 29. Bxa7 Nd6 30. Qf3 Nf5 31. Bb6 h4 32. c7 e5 33.
g4 Nd6 34. h3 Qe6 35. Bc5 Nc8 36. a4 Kg8 37. a5 e4 38. Qf4 Qd5 39. Be3 Qxa5 40.
g5 Qd5 41. Qf6 Qe6 42. Qd8+ Kh7 43. Bd4 f6 44. Bxf6 Qg8 45. Qd7+ 1-0

[Event "Late-Titled-Tuesday-Blitz-May-14-2024"]
[Site "Chess.com"]
[Date "2024.05.14"]
[Round "1"]
[White "Alexander_Donchenko"]
[Black "Slovineanu"]
[Result "1-0"]
[WhiteElo "2857"]
[BlackElo "2477"]
[TimeControl "180+1"]
[EndTime "14:06:04 PDT"]
[Termination "Alexander_Donchenko won by checkmate"]

1. e4 c6 2. Nf3 d5 3. d3 dxe4 4. dxe4 Qc7 5. Bd3 e5 6. O-O Nf6 7. a4 Bc5 8. Bg5 Nbd7 9. Na3 O-O 10. Nc4 Re8 11. Qe2 h6 12. Bd2 a5 13. Nh4 b6 14.
Nf5 Bf8 15. Qf3 Ba6 16. Rad1 Re6 17. b3 Nc5 18. Be2 Ncxe4 19. Bc1 Nc5 20. Qg3 Nfe4 21. Qh3 Rf6 22. Bg4 Bxc4 23. bxc4 Rd8 24. Rxd8 Qxd8 25.
Rd1 Qc7 26. Qh4 Nxa4 27. Bh3 Nac3 28. Re1 Qd8 29. Be3 Bc5 30. Bxc5 bxc5 31. g3 Ng5 32. Qg4 Nxh3+ 33. Qxh3 e4 34. Qg4 Qd2 35. Qxg7# 1-0

[Event "Late-Titled-Tuesday-Blitz-May-14-2024"]
[Site "Chess.com"]
[Date "2024.05.14"]
[Round "1"]
[White "TreinadorBR"]
[Black "Cipy77"]
[Result "0-1"]
[WhiteElo "2326"]
[BlackElo "2642"]
[TimeControl "180+1"]
[EndTime "14:06:05 PDT"]
[Termination "Cipy77 won by resignation"]

1. e4 g6 2. d4 Bg7 3. Nc3 d6 4. f3 c6 5. Be3 Nf6 6. Qd2 b5 7. O-O-O Nbd7 8. Kb1 Nb6 9. a3 a5 10. e5 Nfd5 11. Nxd5 Nxd5 12. Bh6 Bxh6 13. Qxh6 b4 14. a4 Rb8 15. Qg7 Rf8 16. Bc4 Be6 17. Bb3 Nc3+ 18. bxc3 bxc3 19. Ne2 Bxb3 20. cxb3 Rxb3+ 21. Kc2 Rb2+ 22. Kd3 Qc8 23. Nxc3 Qf5+ 24. Ne4 Rxg2 25. Rhf1 d5 26. Qxh7 dxe4+ 27. fxe4 Qe6 28. Ke3 Qa2 29. Rfe1 Rxh2 30. Qxh2 Qxh2 31. d5 Qxe5 32. dxc6 Qc5+ 33. Kf3 Qxc6 34.
Re3 f5 35. Ke2 fxe4 36. Rd4 Qc2+ 37. Rd2 Qc4+ 0-1

[Event "Late-Titled-Tuesday-Blitz-May-14-2024"]
[Site "Chess.com"]
[Date "2024.05.14"]
[Round "1"]
[White "IamSchrodingersCat"]
[Black "Sacbutt"]
[Result "1-0"]
[WhiteElo "2651"]
[BlackElo "2329"]
[TimeControl "180+1"]
[EndTime "14:06:07 PDT"]
[Termination "IamSchrodingersCat won by resignation"]

1. e4 c5 2. Nf3 d6 3. d4 cxd4 4. Nxd4 Nf6 5. Nc3 a6 6. Be2 e5 7.
Nb3 Be7 8. g4 Nc6 9. Be3 Be6 10.
g5 Nd7 11. Bg4 Bxg4 12. Qxg4 Nb6 13. O-O-O O-O 14. h4 Rc8 15. Kb1 Nc4 16. Nd5 Nxe3 17. fxe3 a5 18. a4 Rb8 19. Rdg1 b5 20. axb5 Rxb5 21.
h5 a4 22. Nc1 Qb8 23. Nd3 a3 24. g6 Rxb2+ 25. Kc1 fxg6 26. hxg6 Rb1+ 27. Kd2 Rxg1 28. Qe6+ 1-0

[Event "Late-Titled-Tuesday-Blitz-May-14-2024"]
[Site "Chess.com"]
[Date "2024.05.14"]
[Round "1"]
[White "zverr1"]
[Black "super_emi_26"]
[Result "0-1"]
[WhiteElo "2491"]
[BlackElo "2873"]
[TimeControl "180+1"]
[EndTime "14:06:08 PDT"]
[Termination "super_emi_26 won by resignation"]

1. d4 g6 2. e4 Bg7 3. Nc3 d6 4. Be3 Nc6 5. f3 e5 6. d5 Nce7 7. h4 h6 8. h5 Nf6 9. hxg6 fxg6 10. Qd2 g5 11. Bc4 Ng6 12. O-O-O Bd7 13. g3 a6 14.
Nge2 Qe7 15. Bb3 O-O-O 16. a4 Kb8 17. Qd3 Rhf8 18. Rdf1 Bc8 19. Kb1 Nd7 20. a5 Rf6 21. Bg1 Nc5 22. Qe3 c6 23. Ba2 Qc7 24. b4 Bf8 25.
dxc6 bxc6 26. bxc5 dxc5 27. Ka1 Qxa5 28. Rb1+ Ka7 29.
Bf2 Rd4 30. Nxd4 exd4 31. Qd3 Ne5 32. Bxd4 Nxd3 33. Bxf6 Nb4 34. Kb2 c4 35. Bxc4 Nd5 36. Ra1 Qb4+ 37. Bb3 Nxf6 38. Ra4 Qb6 39. Rha1 Bg7 40. Kc1 Nd7 41. Rc4 Ne5 42. Rca4 Nxf3 43. Bc4 Bxc3 44. R1a3 Bb2+ 45. Kd1 0-1

[Event "Late-Titled-Tuesday-Blitz-May-14-2024"]
[Site "Chess.com"]
[Date "2024.05.14"]
[Round "1"]
[White "PenguinPacks"]
[Black "temus_galaktionov"]
[Result "1/2-1/2"]
[WhiteElo "2496"]
[BlackElo "2861"]
[TimeControl "180+1"]
[EndTime "14:06:08 PDT"]
[Termination "Game drawn - insufficient material"]

1. e4 c6 2. d4 g6 3. h4 d6 4. h5 Bg7 5. Nc3 Qb6 6. Nge2 e5 7.
d5 Nf6 8. dxc6 Qxc6 9. Bg5 Nbd7 10. h6 Bf8 11. Nd4 exd4 12. Qxd4 Be7 13. Bb5 Qc5 14. Bxf6 Qxd4 15. Bxd4 O-O 16. Nd5 Bd8 17. f4 a6 18.
Bxd7 Bxd7 19. O-O-O Re8 20. Bf6 Bc6 21. Bxd8 Bxd5 22. Rxd5 Raxd8 23. Rhd1 Rxe4 24. Rxd6 Rxd6 25. Rxd6 Kf8 26. g3 Re3 27. Rd3 Re1+ 28. Kd2 Rh1 29. Rd7 Rxh6 30. Rxb7 Rh3 31. Rb3 h5 32. Re3 h4 33.
gxh4 Rxh4 34. Rf3 Ke7 35. c4 Kd6 36. Kc3 a5 37. a3 a4 38. Kd4 Rh2 39. c5+ Kc6 40.
b4 axb3 41. Rxb3 Rd2+ 42. Kc4 Rc2+ 43. Rc3 Rxc3+ 44. Kxc3 Kxc5 45. a4 f6 46. Kd3 Kb4 47. Kd4 Kxa4 48. Kd5 g5 49. fxg5 fxg5 50. Ke5 g4 51. Kf4 g3 52. Kf3 g2 53. Kf2 g1=Q+ 54. Kxg1 1/2-1/2

[Event "Late-Titled-Tuesday-Blitz-May-14-2024"]
[Site "Chess.com"]
[Date "2024.05.14"]
[Round "1"]
[White "nindjaxx8"]
[Black "AsaHoffmann"]
[Result "1-0"]
[WhiteElo "2636"]
[BlackElo "2315"]
[TimeControl "180+1"]
[EndTime "14:06:09 PDT"]
[Termination "nindjaxx8 won by resignation"]

1. d4 Nf6 2. c4 c5 3. d5 e5 4. Nc3 d6 5. e4 Be7 6. Nf3 Nbd7 7. Bd3 Nf8 8. Be3 Ng6 9. Qc2 O-O 10.
O-O Nh5 11. a3 Nhf4 12. b4 b6 13. bxc5 bxc5 14. Rab1 Nxd3 15. Qxd3 f5 16. exf5 Bxf5 17. Ne4 h6 18. Rb7 a5 19. Rfb1 a4 20. Nfd2 Bg5 21.
Bxg5 hxg5 22. Qe3 Nf4 23. R1b6 g4 24. Nxd6 Bc8 25. Nxc8 Qxc8 26. Qxe5 Rf7 27. Rxf7 Kxf7 28. Qxf4+ Kg8 29. g3 Qe8 30. Ne4 Ra7 31. Qxg4 Rf7 32.
Re6 Qb8 33. Nd6 Qb1+ 34. Kg2 Qd1 35. Qxd1 1-0

[Event "Late-Titled-Tuesday-Blitz-May-14-2024"]
[Site "Chess.com"]
[Date "2024.05.14"]
[Round "1"]
[White "hblanco"]
[Black "grozdanovic_a"]
[Result "1-0"]
[WhiteElo "2608"]
[BlackElo "2275"]
[TimeControl "180+1"]
[EndTime "14:06:12 PDT"]
[Termination "hblanco won by resignation"]

1. e4 c5 2. c3 d6 3. d4 cxd4 4. cxd4 g6 5. h3 Bg7 6. Nf3 Nf6 7. Bd3 Nc6 8. Nc3 Bd7 9. O-O O-O 10. Be3 Rc8 11.
Rc1 e6 12. Qd2 Re8 13. Rfd1 a6 14. Bf4 e5 15. Be3 exd4 16. Nxd4 Qe7 17. Bb1 Nh5 18. Nd5 Qd8 19. Bg5 f6 20. Be3 Nxd4 21. Bxd4 Rxc1 22.
Rxc1 f5 23. exf5 Bxf5 24. Bxf5 gxf5 25. Bxg7 Nxg7 26. Qh6 Re6 27. Qf4 Re4 28. Qd2 Ne6 29.
Rc8 Qxc8 30. Ne7+ Kf7 31. Nxc8 Rd4 32. Nxd6+ Kf6 33. Qc3 Kg6 34. Nc4 Rd1+ 35. Kh2 Nd4 36. Ne5+ Kf6 37. Nf3 1-0

[Event "Late-Titled-Tuesday-Blitz-May-14-2024"]
[Site "Chess.com"]
[Date "2024.05.14"]
[Round "1"]
[White "kinga2008"]
[Black "rasmussvane"]
[Result "0-1"]
[WhiteElo "2529"]
[BlackElo "2985"]
[TimeControl "180+1"]
[EndTime "14:06:15 PDT"]
[Termination "rasmussvane won by resignation"]

1. e4 c6 2. c4 d5 3. exd5 cxd5 4. d4 Nf6 5. Nc3 Nc6 6. Nf3 a6 7. cxd5 Nxd5 8. Bc4 Be6 9. Nxd5 Bxd5 10. Bxd5 Qxd5 11. Be3 e6 12. O-O Be7 13. Qd2 O-O 14. Rfd1 Rfd8 15. b3 Qf5 16. Rac1 Rd5 17. Qc2 Qxc2 18.
Rxc2 Rad8 19. Rcd2 Bb4 20. Rc2 e5 21. Rc4 Bc5 22. Rdc1 Bxd4 23. Bxd4 exd4 24. Kf1 f6 25. Rc5 Kf7 26. Ke2 Ke6 27. Kd2 Rxc5 28. Rxc5 Rd5 29.
Rc1 Kd6 30. Rd1 g5 31. Kd3 Ne5+ 32. Ke4 Nxf3 33. gxf3 Re5+ 34. Kd3 Rf5 35. Kxd4 Rd5+ 0-1

[Event "Late-Titled-Tuesday-Blitz-May-14-2024"]
[Site "Chess.com"]
[Date "2024.05.14"]
[Round "1"]
[White "Timurist"]
[Black "nabukatnezarr"]
[Result "1-0"]
[WhiteElo "2333"]
[BlackElo "2620"]
[TimeControl "180+1"]
[EndTime "14:06:17 PDT"]
[Termination "Timurist won by checkmate"]

1. e4 e5 2. Nf3 Nc6 3. d4 exd4 4. Bc4 Nf6 5. e5 d5 6. Bb5 Ne4 7. Nxd4 Bd7 8. Bxc6 bxc6 9. O-O Bc5 10. f3 Ng5 11. f4 Ne6 12. c3 Bb6 13. Be3 c5 14. Nb3 Ba4 15. f5 Nf8 16. Qg4 Bxb3 17. Qxg7 Bc4 18. Re1 Qh4 19. Bf2 Qf4 20. Qxh8 Qxf5 21.
Nd2 Bd3 22. Nb3 c4 23. Nc5 Qg6 24. Qf6 Bxc5 25. Bxc5 Qxf6 26. exf6+ Ne6 27. Bd4 Kd7 28. Re5 Kc6 29. Rae1 Rg8 30. Rxe6+ fxe6 31. Rxe6+ Kd7 32. Re7+ Kd6 33. b4 cxb3 34. axb3 Bg6 35. b4 Kc6 36. Be5 Rc8 37. Bd4 Kd6 38. Bc5+ Kc6 39. Bxa7 Rf8 40. Bd4 Kd6 41. g4 c6 42. Be5# 1-0

[Event "Late-Titled-Tuesday-Blitz-May-14-2024"]
[Site "Chess.com"]
[Date "2024.05.14"]
[Round "1"]
[White "CombativeWombat"]
[Black "Franmu14"]
[Result "0-1"]
[WhiteElo "2331"]
[BlackElo "2654"]
[TimeControl "180+1"]
[EndTime "14:06:24 PDT"]
[Termination "Franmu14 won on time"]

1. e4 e5 2. Bc4 Nc6 3. Nc3 Bb4 4. Nd5 Qh4 5. Nxb4 Qxe4+ 6. Be2 Nxb4 7. d3 Qxg2 8. Bf3 Qg6 9. Ne2 Nc6 10. Rg1 Qf6 11. Nc3 Nd4 12. Bh1 c6 13. Ne4 Qe7 14. Rxg7 d5 15. Bg5 Qe6 16. Rxg8+ Rxg8 17. Nf6+ Kf8 18. Bh6+ Rg7 19. Bxg7+ Kxg7 20. Nh5+ Kh8 21. c3 Nb5 22. Qf3 Bd7 23. Nf6 Nd6 24. O-O-O Nf5 25. Nxd7 Qxd7 26. Rg1 Rg8 27. Rxg8+ Kxg8 28. Qh3 Qe6 29. Bf3 Qh6+ 30.
Qxh6 Nxh6 31. c4 dxc4 32. dxc4 Nf5 33. Bg4 Nd4 34. Bc8 b6 35. Kd2 f5 36. Ke3 c5 37. Bb7 Kg7 38. Bd5 Kf6 39. a3 Kg5 40.
Bg8 h5 41. b4 Nc2+ 42. Kd2 Nxa3 43. bxc5 bxc5 44. Kd3 e4+ 45. Ke3 Nc2+ 46. Kd2 Nd4 47. Bd5 a5 48. Ke3 a4 49. f4+ exf3 50. Kf2 a3 0-1

[Event "Late-Titled-Tuesday-Blitz-May-14-2024"]
[Site "Chess.com"]
[Date "2024.05.14"]
[Round "1"]
[White "BilodeauA"]
[Black "Licancabur"]
[Result "1-0"]
[WhiteElo "2897"]
[BlackElo "2501"]
[TimeControl "180+1"]
[EndTime "14:06:27 PDT"]
[Termination "BilodeauA won on time"]

1. d4 d5 2. Nc3 Nf6 3. Bf4 a6 4. e3 e6 5. g4 Bb4 6. Ne2 Nxg4 7. Rg1 Qh4 8. Rg3 h5 9. h3 g5 10. Bxc7 Nh6 11. a3 Be7 12. Qd2 Nc6 13.
O-O-O Bd7 14. Rg2 g4 15. hxg4 hxg4 16. Rh2 Qf6 17. e4 Rc8 18. Bf4 Ng8 19. exd5 Rxh2 20. dxc6 Bxc6 21. Bxh2 Qxf2 22. Bg3 Qf5 23. Nf4 Bg5 24.
Bd3 Qa5 25. Kb1 Nf6 26. d5 Bxd5 27. Ncxd5 Qxd2 28. Nxf6+ Ke7 29. N6d5+ exd5 30. Rxd2 Rh8 31. Re2+ Kf8 32. Nxd5 Rh1+ 33. Ka2 Rg1 34. Bd6+ Kg7 35. Ne3 g3 36. Bxg3 1-0

[Event "Late-Titled-Tuesday-Blitz-May-14-2024"]
[Site "Chess.com"]
[Date "2024.05.14"]
[Round "1"]
[White "uzkuzk"]
[Black "sergiochess83"]
[Result "0-1"]
[WhiteElo "2486"]
[BlackElo "2864"]
[TimeControl "180+1"]
[EndTime "14:06:29 PDT"]
[Termination "sergiochess83 won by resignation"]

1. e4 c6 2. d4 d5 3. exd5 cxd5 4. Bd3 Nf6 5. h3 Nc6 6. c3 g6 7. Nf3 Bf5 8. Be2 e6 9. O-O h5 10. Re1 Qc7 11. Nbd2 Bd6 12. c4 O-O 13. Nf1 dxc4 14. Ne3 Bd3 15. Nxc4 Bxe2 16. Qxe2 Bf4 17. Nce5 Bxc1 18. Raxc1 Qd6 19. Nxc6 bxc6 20. Ne5 Qxd4 21.
Qf3 Nd5 22. Nxc6 Qxb2 23. Ne5 Qxa2 24. g4 hxg4 25. hxg4 Qd2 26. Qh3 Nf4 27. Qh6 Ne2+ 28. Rxe2 Qxh6 0-1

[Event "Late-Titled-Tuesday-Blitz-May-14-2024"]
[Site "Chess.com"]
[Date "2024.05.14"]
[Round "1"]
[White "dennisodessa"]
[Black "penguingm1"]
[Result "0-1"]
[WhiteElo "2468"]
[BlackElo "2846"]
[TimeControl "180+1"]
[EndTime "14:06:29 PDT"]
[Termination "penguingm1 won by resignation"]

1. d4 d5 2. c4 e6 3. Nc3 Be7 4.
cxd5 exd5 5. Bf4 c6 6. e3 Bf5 7. g4 Be6 8. h4 Nd7 9. h5 Nh6 10. Be2 Nb6 11. Nh3 g5 12. hxg6 hxg6 13. Ng1 Bh4 14.
Nf3 Nxg4 15. Nxh4 Rxh4 16. Rg1 Nf6 17. Bg5 Rh7 18. e4 dxe4 19. Nxe4 Nbd7 20. Nxf6+ Nxf6 21. Qd2 Ne4 22. Bxd8 Nxd2 23. Bf6 Ne4 24. Be5 O-O-O 25.
f3 Nd6 26. O-O-O Bxa2 27. Rh1 Rxh1 28. Rxh1 Nf5 29. Rd1 Bb3 30. Rd2 Rd5 31. f4 Ra5 32. Kb1 Ne3 33. Bd3 Ba2+ 34. Kc1 Be6 35. Rh2 Bf5 36.
Kd2 Ng4 37. Rh8+ Kd7 38. Bxf5+ gxf5 39. Rb8 Rb5 40. Kc3 f6 0-1

[Event "Late-Titled-Tuesday-Blitz-May-14-2024"]
[Site "Chess.com"]
[Date "2024.05.14"]
[Round "1"]
[White "Pingah9"]
[Black "Sanan_Sjugirov"]
[Result "0-1"]
[WhiteElo "2535"]
[BlackElo "3041"]
[TimeControl "180+1"]
[EndTime "14:06:32 PDT"]
[Termination "Sanan_Sjugirov won by resignation"]

1. e4 c5 2. Nc3 Nc6 3. g3 g6 4. Bg2 Bg7 5. d3 d6 6. Be3 Rb8 7. a4 b6 8. Qd2 Bb7 9. Nge2 Nf6 10. h3 O-O 11. Bh6 e5 12. Bxg7 Kxg7 13. O-O Nd4 14. Nxd4 cxd4 15. Nd5 Bxd5 16. exd5 Rc8 17. c4 a5 18. b4 axb4 19. Qxb4 Qc7 20. f4 Nd7 21. fxe5 Nxe5 22. Qd2 Ra8 23. h4 h5 24. Bh3 f5 25.
Rf4 Qd7 26. Bg2 Rxa4 27. Rxa4 Qxa4 28. Kh2 Ra8 29. Qf2 Qa1 30. Qxd4 Qxd4 31. Rxd4 Ra2 32.
Kg1 Rd2 33. Kf1 Rxd3 34. Rxd3 Nxd3 35. Bf3 Kf6 36. Be2 Nc5 37. Kf2 Ke5 38. Ke3 Ne4 39. Kf3 Nd2+ 40. Ke3 Nb3 41. Kf3 Nd4+ 0-1

[Event "Late-Titled-Tuesday-Blitz-May-14-2024"]
[Site "Chess.com"]
[Date "2024.05.14"]
[Round "1"]
[White "baki83"]
[Black "Love7Unicorn"]
[Result "1-0"]
[WhiteElo "2923"]
[BlackElo "2520"]
[TimeControl "180+1"]
[EndTime "14:06:33 PDT"]
[Termination "baki83 won on time"]

1. e4 c5 2. Nf3 d6 3. Bb5+ Bd7 4.
c4 e5 5. Nc3 g6 6. h4 Nc6 7. h5 Bg7 8. d3 Bg4 9. h6 Bf6 10. Nd5 a6 11. Ba4 Bxf3 12. Qxf3 b5 13. cxb5 Nd4 14. b6+ Kf8 15. Qd1 Bg5 16. Be3 Ne6 17. Nc7 Bxe3 18. Nxe6+ fxe6 19. fxe3 Nf6 20. O-O Ke7 21. Qf3 Rf8 22. Bb3 Rb8 23. Qh3 Qd7 24. Rf2 g5 25. Raf1 Rxb6 26. Qg3 Rf7 27. Qxg5 1-0

[Event "Late-Titled-Tuesday-Blitz-May-14-2024"]
[Site "Chess.com"]
[Date "2024.05.14"]
[Round "1"]
[White "cthulhuuu"]
[Black "MarkusRagger"]
[Result "1-0"]
[WhiteElo "2476"]
[BlackElo "2820"]
[TimeControl "180+1"]
[EndTime "14:06:33 PDT"]
[Termination "cthulhuuu won by resignation"]

1. e4 e5 2. Nf3 Nc6 3. d3 Nf6 4. g3 d5 5. exd5 Nxd5 6. Bg2 Be7 7. O-O O-O 8. Re1 Bf6 9. Nc3 Nxc3 10. bxc3 Bg4 11. h3 Bh5 12. Rb1 Rb8 13. g4 Bg6 14.
Nd2 Bg5 15. Ne4 Bxc1 16. Qxc1 b6 17. Nc5 Qd6 18. Ne4 Qd7 19. Qa3 Ne7 20. Ng3 Nd5 21. Rxe5 Nf4 22. Re7 Qd8 23. Rbe1 a5 24. Qa4 Ne6 25.
Qd7 Rc8 26. Nf5 Qxd7 27. Rxd7 Bxf5 28. gxf5 Nc5 29. Rde7 Rfd8 30. d4 Nd7 31. Bc6 Rb8 32. Rxd7 1-0

[Event "Late-Titled-Tuesday-Blitz-May-14-2024"]
[Site "Chess.com"]
[Date "2024.05.14"]
[Round "1"]
[White "emeli_chess"]
[Black "oskariot"]
[Result "0-1"]
[WhiteElo "2431"]
[BlackElo "2761"]
[TimeControl "180+1"]
[EndTime "14:06:33 PDT"]
[Termination "oskariot won by resignation"]

1. d4 Nf6 2. c4 c5 3. d5 g6 4. Nc3 Bg7 5. e4 d6 6. h3 O-O 7. Nf3 e6 8. Bd3 Na6 9. O-O Nc7 10. Bg5 h6 11. Be3 exd5 12. cxd5 b5 13. e5 Nfxd5 14. exd6 Qxd6 15. Ne4 Nxe3 16. Nxd6 Nxd1 17. Raxd1 c4 18. Be4 Rb8 19. b3 c3 20. b4 Be6 21. a3 Rfd8 22.
Bc2 f5 23. Rfe1 Kh7 24. Ne5 Bxe5 25. Rxe5 Rb6 26. Rc5 Na6 27. Ne8 Rxd1+ 28. Bxd1 Nxc5 29. bxc5 Rc6 0-1

[Event "Late-Titled-Tuesday-Blitz-May-14-2024"]
[Site "Chess.com"]
[Date "2024.05.14"]
[Round "1"]
[White "1g60-1"]
[Black "NikitaShnadrygin"]
[Result "0-1"]
[WhiteElo "2422"]
[BlackElo "2756"]
[TimeControl "180+1"]
[EndTime "14:06:33 PDT"]
[Termination "NikitaShnadrygin won by resignation"]

1. e4 c5 2. Nf3 e6 3. d4 cxd4 4. Nxd4 Nf6 5. Nc3 Nc6 6. Ndb5 Bb4 7. a3 Bxc3+ 8. Nxc3 d5 9. exd5 exd5 10. Bd3 O-O 11.
O-O Bg4 12. f3 Bh5 13. Rb1 Ne5 14. Be2 d4 15. Ne4 Nxe4 16. fxe4 Bxe2 17. Qxe2 d3 18.
cxd3 Qxd3 19. Qxd3 Nxd3 20. Bd2 Rfe8 21. Bc3 Rxe4 22.
Rbd1 Nc5 23. Bb4 Ne6 24. Rd7 a5 25. Bc3 b5 26. Rfxf7 b4 27. Bd2 bxa3 28. bxa3 Rb8 29. Rfe7 a4 30. Bb4 Rc8 31. h3 h5 32. Rd6 Ng5 33. Rxe4 Nxe4 34. h4 Nxd6 0-1

[Event "Late-Titled-Tuesday-Blitz-May-14-2024"]
[Site "Chess.com"]
[Date "2024.05.14"]
[Round "1"]
[White "Stanbad1"]
[Black "GMthekingindian"]
[Result "1-0"]
[WhiteElo "2616"]
[BlackElo "2294"]
[TimeControl "180+1"]
[EndTime "14:06:33 PDT"]
[Termination "Stanbad1 won by resignation"]

1. d4 d5 2. c4 e6 3. Nc3 Nf6 4.
cxd5 exd5 5. Bg5 Be7 6. e3 O-O 7. Bd3 Re8 8. Nge2 c6 9. Qc2 Nbd7 10. O-O Nf8 11. Kh1 g6 12. f3 Ne6 13. Bh4 Bd7 14.
Rad1 b5 15. Bf2 b4 16. Na4 Rc8 17. e4 dxe4 18. fxe4 Ng4 19. Bg1 Bg5 20. Ba6 Rc7 21. Qd3 c5 22. Nxc5 Nxc5 23. dxc5 Be6 24. Qg3 Qe7 25.
h3 Bh4 26. Qd6 Nh6 27. Nf4 Bg3 28. Qxe7 Rexe7 29. Nd5 Bxd5 30. exd5 Re8 31. d6 Rd7 32. Bb5 Red8 33. Bxd7 Rxd7 34. Rf3 Nf5 35. Rd5 f6 36. Rdxf5 gxf5 37. Rxg3+ Kf7 38. Re3 f4 39. Re4 Kg6 40.
Rxf4 Kg5 41. Rxb4 f5 42. Rd4 Kf6 43. c6 Rg7 44. c7 Rg8 45. d7 Rd8 46. cxd8=Q+ Kf7 1-0

[Event "Late-Titled-Tuesday-Blitz-May-14-2024"]
[Site "Chess.com"]
[Date "2024.05.14"]
[Round "1"]
[White "cristianserban1"]
[Black "artin10862"]
[Result "0-1"]
[WhiteElo "2481"]
[BlackElo "2860"]
[TimeControl "180+1"]
[EndTime "14:06:36 PDT"]
[Termination "artin10862 won by resignation"]

1. d4 Nf6 2. c4 e6 3. Nf3 Bb4+ 4. Nbd2 O-O 5. a3 Bxd2+ 6. Qxd2 b6 7. e3 Bb7 8. Be2 a5 9. b3 d6 10. Bb2 Nbd7 11.
O-O Qe7 12. Rac1 Ne4 13. Qc2 f5 14. Nd2 Qg5 15. f4 Qg6 16. Bf3 Ndf6 17. d5 Rfe8 18.
Bxf6 Nxf6 19. dxe6 Bxf3 20. Nxf3 Rxe6 21. Nd4 Re4 22.
Rf3 Nd7 23. Rd1 Rae8 24. Nb5 Rc8 25. Qd3 Qf7 26. Qd5 Qxd5 27. Rxd5 g6 28. Rd4 Nf6 29. Nc3 Rxd4 30. exd4 Re8 31. Kf2 Ne4+ 32. Nxe4 Rxe4 33. d5 a4 34. bxa4 Rxc4 35. Re3 Rxf4+ 36. Kg3 Rxa4 37. Re8+ Kf7 38. Rh8 Kg7 39. Rc8 Rxa3+ 40. Kh4 Ra4+ 41. Kg3 Rc4 42. h4 0-1

[Event "Late-Titled-Tuesday-Blitz-May-14-2024"]
[Site "Chess.com"]
[Date "2024.05.14"]
[Round "1"]
[White "SchmakAttack"]
[Black "Nick12772"]
[Result "1-0"]
[WhiteElo "2781"]
[BlackElo "2439"]
[TimeControl "180+1"]
[EndTime "14:06:39 PDT"]
[Termination "SchmakAttack won by resignation"]

1. d4 Nf6 2. Nf3 g6 3. g3 Bg7 4.
Bg2 O-O 5. O-O c6 6. a4 d5 7. b3 Bg4 8. h3 Bxf3 9. exf3 Nbd7 10. f4 e6 11. c4 dxc4 12. bxc4 Nb6 13. Na3 Qd7 14. a5 Nc8 15. Be3 Ne7 16. Qa4 Rfd8 17. Rab1 Nf5 18. Nc2 Ne8 19. a6 Ned6 20. axb7 Rab8 21.
Bxc6 Qc7 22. d5 Nxe3 23. Nxe3 Bd4 24. Rfe1 Nxb7 25. Bxb7 Rxb7 26. dxe6 fxe6 27. Nc2 Rxb1 28. Rxb1 Bb6 29. Qb5 Rd2 30. Ne3 Kg7 31. Qb4 Kf7 32. Qxd2 1-0

[Event "Late-Titled-Tuesday-Blitz-May-14-2024"]
[Site "Chess.com"]
[Date "2024.05.14"]
[Round "1"]
[White "MeisterJabo"]
[Black "CarlosAlbornoz"]
[Result "0-1"]
[WhiteElo "2473"]
[BlackElo "2848"]
[TimeControl "180+1"]
[EndTime "14:06:40 PDT"]
[Termination "CarlosAlbornoz won by checkmate"]

1. c4 c5 2. g3 g6 3. Bg2 Bg7 4.
Nc3 Nc6 5. a3 Nf6 6. Rb1 a5 7.
e4 d6 8. Nge2 O-O 9. O-O Nd7 10.
d3 b6 11. Be3 Nd4 12. b4 axb4 13. axb4 h5 14. Bxd4 cxd4 15. Nb5 h4 16. Nbxd4 Ne5 17.
Nf3 h3 18. Bh1 Ng4 19. Qd2 Bh6 20. Qb2 Bb7 21. Nh4 Ne5 22. Rfd1 b5 23. Nf3 Bg7 24.
Nxe5 Bxe5 25. d4 Bg7 26. c5 Qd7 27. Qd2 dxc5 28. bxc5 Ra4 29. d5 Ba6 30. Qf4 b4 31. Nd4 e5 32. dxe6 fxe6 33. Qd6 Bc8 34. e5 Qf7 35. f4 b3 36. Nxb3 Rxf4 37. gxf4 Qxf4 38. Rd4 Qf2# 0-1